Map: Dédale EC

Players

zuka - Winner!

  • Race: Protoss Protoss
  • League: Master
  • Spawn Location: 1:00

ArKA

  • Race: Zerg Zerg
  • League: Master
  • Spawn Location: 7:00

VOD

Have the link to the VOD?

Description

Time

  • Played on: June 10, 2018, 3:13 p.m.
  • Length: 12:44
Show
View Real Time Build Order
Export as new Build Order

zuka Protoss - Winner!

Build Orders: 1 Gate Expand, Zealot Archon, Dark Templar Rush 

Get SALT Encoding   

  12  0:01  Probe  
  13  0:13  Probe  
  14  0:21  Pylon  
  14  0:23  Probe  
  15  0:35  Probe  
  15  0:42  Gateway  
  16  0:45  Probe  
  17  0:50  Assimilator  
  17  0:55  Probe  
  17  1:03  Probe  
  19  1:12  Probe  
  20  1:24  Nexus  
  20  1:34  Cybernetics Core  
  20  1:36  Probe  
  21  1:41  Assimilator  
  21  1:48  Probe  
  21  1:51  Pylon  
  22  2:00  Probe  
  23  2:11  Adept  
  23  2:12  Warp Gate  
  23  2:13  Probe  
  26  2:23  Probe  
  26  2:25  Twilight Council  
  27  2:31  Probe  
  29  2:37  Probe  
  29  2:38  Stalker  
  29  2:39  Probe  
  32  2:49  Probe  
  34  2:51  Probe  
  34  3:00  Robotics Facility  
  34  3:01  Probe  
  34  3:03  Probe  
  36  3:13  Probe  
  36  3:15  Probe  
  38  3:23  Dark Shrine  
  38  3:25  Probe  
  39  3:27  Probe  
  40  3:37  Probe  
  40  3:38  Adept  
  40  3:39  Probe  
  44  3:44  Assimilator  
  44  3:46  Pylon  
  44  3:49  Probe  
  44  3:55  Gateway  
  45  3:57  Gateway  
  45  4:03  Warp Prism, Gateway  
  45  4:05  Probe  
  45  4:09  Probe  
  49  4:19  Probe  
  49  4:22  Pylon  
  50  4:26  Nexus  
  50  4:29  Probe  
  50  4:31  Probe  
  52  4:41  Probe  
  52  4:43  Probe  
  54  4:53  Dark Templar, Probe  
  54  4:54  Dark Templar  
  54  4:55  Probe  
  54  4:59  Dark Templar x2  
  62  5:09  Charge  
  62  5:11  Pylon  
  62  5:13  Pylon  
  62  5:21  Immortal  
  62  5:26  Pylon  
  62  5:27  Pylon  
  62  5:31  Probe x2  
  62  5:32  Gateway  
  62  5:34  Pylon  
  62  5:35  Assimilator  
  68  5:39  Forge  
  68  5:40  Archon  
  68  5:42  Archon  
  68  5:43  Probe x3  
  68  5:48  Pylon  
  71  5:57  Pylon, Dark Templar x2, Immortal  
  74  5:59  Dark Templar, Probe  
  78  6:11  Protoss Ground Weapons Level 1  
  82  6:12  Probe x3  
  85  6:24  Probe x3  
  88  6:34  Immortal  
  88  6:36  Probe x2, Gateway  
  88  6:38  Gateway  
  91  6:41  Zealot x2  
  99  6:48  Probe x2  
  100  6:58  Archon  
  100  7:01  Dark Templar  
  100  7:03  Immortal  
  100  7:04  Dark Templar x2  
  100  7:07  Zealot  
  108  7:08  Archon  
  108  7:09  Pylon, Archon  
  112  7:19  Gateway  
  112  7:21  Gateway  
  112  7:22  Pylon  
  112  7:24  Zealot  
  112  7:27  Pylon  
  110  7:33  Zealot  
  112  7:37  Zealot x3  
  118  7:45  Zealot  
  112  8:02  Dark Templar x2  
  112  8:03  Dark Templar x2  
  116  8:09  Archon x2, Zealot  
  106  8:30  Zealot x6  
  106  8:31  Zealot x2  
  122  8:44  Protoss Ground Weapons Level 2  
  122  8:47  Zealot x2  
  122  8:48  Zealot x3  
  122  8:53  Immortal  
  120  9:06  Dark Templar x2  
  120  9:07  Zealot x2  
  120  9:08  Zealot x4  
  120  9:09  Zealot  
  138  9:11  Assimilator  
  138  9:15  Assimilator  
  138  9:16  Archon  
  136  9:17  Pylon  
  132  9:28  Dark Templar x2  
  132  9:29  Dark Templar  
  132  9:30  Zealot x4  
  146  9:33  Archon  
  138  9:53  Zealot  
  138  9:54  Zealot x5  
  148  10:01  Pylon  
  148  10:03  Dark Templar x2  
  148  10:04  Pylon, Dark Templar  
  154  10:16  Zealot  
  156  10:22  Dark Templar x2  
  156  10:23  Zealot x2  
  156  10:24  Zealot  
  160  10:39  Zealot x3  
  160  10:40  Zealot  
  160  10:42  Immortal  
  142  10:48  Zealot  
  142  10:49  Zealot x2  
  128  10:50  Probe x2  
  128  10:51  Probe  
  129  11:00  Zealot x5  
  129  11:02  Probe  
  129  11:03  Probe  
  139  11:09  Dark Templar x2  
  139  11:10  Zealot x2  
  139  11:11  Warp Prism  
  129  11:25  Dark Templar x2, Zealot  
  129  11:26  Zealot x2  
  129  11:29  Archon x3  
  129  11:31  Dark Templar  
  129  11:32  Zealot  
  139  11:39  Archon x2  
  139  11:40  Zealot  
  141  11:49  Zealot x2  
  141  11:50  Zealot x3  
  151  11:57  Zealot x4  
  153  12:14  Zealot x5  
  145  12:36  Dark Templar x3  
  145  12:37  Zealot x4  
Show
View Real Time Build Order
Export as new Build Order

ArKA Zerg 

Build Orders: Hatch First 

Get SALT Encoding   

  12  0:01  Drone  
  13  0:14  Overlord  
  13  0:18  Drone  
  14  0:32  Drone  
  14  0:33  Drone  
  16  0:37  Drone  
  17  0:52  Hatchery  
  17  0:54  Drone  
  17  1:03  Drone  
  18  1:08  Extractor  
  17  1:16  Spawning Pool  
  17  1:17  Drone  
  17  1:19  Drone  
  18  1:30  Drone  
  19  1:40  Overlord  
  19  1:51  Drone  
  20  2:02  Queen  
  20  2:04  Zergling x2  
  20  2:05  Zergling x2  
  20  2:06  Queen  
  26  2:13  Drone, Metabolic Boost  
  26  2:15  Drone  
  28  2:26  Drone x2  
  30  2:34  Drone  
  30  2:36  Drone  
  32  2:50  Drone x2  
  34  2:55  Overlord  
  34  2:57  Hatchery  
  33  3:05  Drone  
  34  3:07  Drone  
  34  3:11  Drone  
  36  3:14  Drone  
  36  3:24  Drone x4  
  39  3:27  Drone  
  39  3:29  Drone  
  39  3:30  Drone  
  42  3:37  Drone  
  42  3:39  Drone  
  43  3:47  Drone  
  43  3:56  Drone x2, Extractor  
  43  3:57  Extractor  
  43  3:58  Roach Warren, Lair  
  43  4:00  Drone x2  
  43  4:02  Overlord  
  44  4:08  Overlord  
  44  4:09  Queen  
  46  4:13  Queen  
  46  4:16  Zergling x4  
  50  4:22  Zergling x4  
  52  4:27  Drone  
  52  4:30  Drone x2  
  52  4:31  Drone  
  56  4:40  Roach  
  56  4:41  Roach x4  
  56  4:43  Overlord  
  66  4:49  Spore Crawler  
  65  4:53  Spore Crawler  
  65  4:55  Spore Crawler  
  63  5:00  Roach x2  
  65  5:11  Glial Reconstitution  
  62  5:22  Queen  
  62  5:26  Overlord x2  
  62  5:28  Drone x3  
  66  5:42  Overlord x2  
  66  5:45  Roach  
  66  5:46  Roach x7  
  66  5:49  Overlord  
  82  5:55  Hatchery  
  81  6:01  Drone x2  
  81  6:02  Drone x3  
  81  6:03  Drone, Roach x2  
  91  6:11  Extractor, Evolution Chamber x2  
  89  6:12  Roach x4  
  96  6:20  Roach x3  
  96  6:24  Drone  
  103  6:32  Drone x3  
  106  6:39  Overlord  
  104  6:40  Overlord x2  
  104  6:43  Zerg Ground Armor Level 1, Zerg Missile Weapons Level 1  
  104  6:47  Extractor  
  104  6:48  Overlord x4  
  103  6:54  Drone  
  103  6:55  Drone x2  
  103  6:59  Drone x3  
  103  7:00  Drone  
  110  7:02  Drone  
  110  7:04  Drone  
  112  7:13  Roach x5  
  122  7:19  Roach  
  122  7:20  Roach x2  
  122  7:22  Drone x2  
  130  7:25  Extractor  
  123  7:33  Roach x6  
  134  7:44  Drone x3  
  134  7:46  Drone x2  
  134  7:47  Drone, Hydralisk Den  
  130  7:53  Roach  
  130  7:54  Roach x5  
  132  8:10  Roach x2  
  132  8:11  Roach x5  
  124  8:15  Roach x5  
  124  8:19  Roach  
  136  8:26  Roach x5  
  146  8:32  Roach x2  
  151  8:34  Ravager x4  
  151  8:35  Ravager  
  155  8:42  Roach  
  155  8:43  Roach  
  159  8:50  Overlord x3  
  157  9:01  Roach  
  157  9:02  Roach x5  
  159  9:04  Drone  
  159  9:06  Zerg Missile Weapons Level 2  
  159  9:07  Zerg Ground Armor Level 2  
  160  9:11  Roach x3  
  160  9:12  Roach  
  160  9:16  Roach x4  
  170  9:28  Roach x6  
  161  9:46  Roach x8  
  167  9:56  Roach x2  
  167  9:57  Roach x2  
  175  10:01  Muscular Augments  
  175  10:04  Ravager  
  175  10:05  Ravager x3, Drone x2  
  175  10:06  Drone x2  
  183  10:11  Ravager  
  184  10:18  Overlord  
  184  10:25  Spire  
  184  10:27  Roach  
  172  10:38  Roach  
  172  10:39  Roach x8  
  146  10:46  Roach x2  
  146  10:47  Roach x4  
  91  10:57  Roach x4  
  91  11:00  Roach x2  
  91  11:09  Roach  
  91  11:10  Roach x2  
  86  11:12  Grooved Spines  
  80  11:31  Overseer x2  
  80  11:36  Roach x2  
  80  11:37  Roach  
  80  11:38  Drone x3  
  80  11:39  Drone x2  
  93  11:51  Roach x2  
  97  11:59  Roach x3  
  84  12:24  Roach x3  
  84  12:25  Roach x2  
Tags
 
Add a new tag
Caveats
  • Supply blocks, unpowered buildings, or Contaminate may cause inaccurate times.
  • Supply counts are checked every 10 seconds.